Map: Ephemeron LE

Players

Neeb

  • Race: Protoss Protoss
  • Spawn Location: 5:00

SKillous - Winner!

  • Race: Protoss Protoss
  • Spawn Location: 11:00

Event: IEM Katowice 2020

VOD

Have the link to the VOD?

Description

Time

  • Played on: Feb. 24, 2020, 12:35 p.m.
  • Length: 9:32

All games in this series

Show
View Real Time Build Order
Export as new Build Order

Neeb Protoss 

Build Orders: Archon Immortal 

Get SALT Encoding   

  12  0:00  Probe  
  13  0:13  Probe  
  14  0:17  Pylon  
  14  0:25  Probe (Chrono Boost)  
  15  0:37  Probe (Chrono Boost), Gateway  
  16  0:44  Probe (Chrono Boost)  
  16  0:46  Assimilator  
  17  0:51  Probe  
  17  0:55  Assimilator  
  18  1:03  Probe (Chrono Boost)  
  19  1:07  Gateway  
  19  1:13  Probe (Chrono Boost)  
  19  1:18  Probe (Chrono Boost)  
  20  1:25  Cybernetics Core  
  21  1:29  Probe  
  22  1:37  Pylon  
  22  1:42  Probe  
  23  2:00  Warp Gate (Chrono Boost)  
  23  2:01  Stalker x2  
  28  2:06  Pylon  
  27  2:10  Probe  
  28  2:31  Stalker x2  
  32  2:52  Nexus  
  32  3:01  Probe, Sentry x2  
  37  3:07  Pylon  
  37  3:14  Probe (Chrono Boost)  
  38  3:26  Probe (Chrono Boost)  
  39  3:33  Probe (Chrono Boost)  
  38  3:40  Probe  
  38  3:42  Robotics Facility  
  38  3:45  Sentry  
  38  3:47  Stalker  
  43  3:52  Probe  
  44  4:00  Forge  
  44  4:04  Probe (Chrono Boost)  
  44  4:08  Probe (Chrono Boost)  
  46  4:16  Probe (Chrono Boost)  
  48  4:19  Probe (Chrono Boost)  
  48  4:20  Probe (Chrono Boost)  
  49  4:27  Immortal (Chrono Boost)  
  49  4:28  Probe  
  49  4:31  Probe  
  53  4:32  Protoss Ground Weapons Level 1  
  53  4:40  Probe, Pylon  
  53  4:43  Probe  
  53  4:45  Assimilator  
  55  4:46  Assimilator  
  55  4:53  Probe, Pylon  
  55  4:55  Probe  
  55  4:59  Immortal (Chrono Boost)  
  61  5:04  Pylon  
  61  5:05  Probe  
  62  5:07  Probe  
  62  5:11  Gateway  
  63  5:15  Gateway  
  63  5:20  Probe  
  64  5:26  Twilight Council  
  64  5:28  Pylon  
  64  5:40  Gateway  
  64  5:41  Gateway  
  64  5:42  Immortal (Chrono Boost)  
  68  5:51  Photon Cannon  
  68  5:54  Photon Cannon  
  68  5:59  Shield Battery  
  68  6:02  Shield Battery  
  68  6:10  Shield Battery  
  68  6:12  Pylon, Photon Cannon  
  68  6:17  Stalker  
  70  6:19  Observer  
  71  6:27  Shield Battery  
  71  6:30  Probe, Templar Archives  
  72  6:33  Observer  
  72  6:34  Stalker  
  72  6:36  Stalker  
  76  6:47  Gateway  
  76  6:50  Gateway  
  76  6:58  Gateway  
  76  6:59  Zealot x2  
  76  7:00  Protoss Ground Weapons Level 2 (Chrono Boost)  
  80  7:07  High Templar x4  
  88  7:11  Archon x2  
  82  7:25  Zealot x2  
  82  7:27  Robotics Bay  
  78  7:41  Zealot x5  
  82  7:45  Immortal  
  82  7:48  Stalker  
  82  7:50  Stalker  
  82  8:08  Stalker x3  
  70  8:21  Zealot x3  
  70  8:22  Sentry  
  70  8:24  Disruptor (Chrono Boost)  
  81  8:32  Zealot x3  
  79  8:43  Gateway  
  79  8:48  Disruptor (Chrono Boost)  
  79  8:55  Sentry  
  82  8:59  Zealot x3  
  88  9:03  Zealot x2  
  92  9:13  Gateway  
  84  9:23  Zealot x3  
  69  9:25  Zealot  
Show
View Real Time Build Order
Export as new Build Order

SKillous Protoss - Winner!

Build Orders:  

Get SALT Encoding   

  12  0:00  Probe  
  13  0:12  Probe  
  14  0:18  Pylon  
  14  0:25  Probe  
  15  0:36  Gateway  
  15  0:38  Probe (Chrono Boost)  
  16  0:46  Probe (Chrono Boost)  
  16  0:47  Assimilator  
  17  0:52  Probe (Chrono Boost)  
  17  0:56  Assimilator  
  19  1:04  Probe (Chrono Boost)  
  19  1:11  Gateway  
  19  1:13  Probe (Chrono Boost)  
  20  1:18  Probe  
  20  1:25  Cybernetics Core  
  21  1:30  Probe  
  22  1:36  Pylon  
  22  1:42  Probe  
  23  1:55  Probe  
  24  2:01  Stalker  
  24  2:04  Warp Gate  
  24  2:05  Sentry  
  28  2:09  Pylon  
  28  2:16  Probe  
  29  2:28  Probe  
  30  2:36  Nexus  
  29  2:44  Stalker  
  31  2:52  Stalker  
  31  2:55  Probe  
  34  3:09  Robotics Facility  
  34  3:16  Sentry  
  36  3:21  Pylon  
  36  3:23  Probe  
  33  3:35  Probe  
  34  3:45  Shield Battery  
  34  3:47  Probe  
  35  3:52  Stalker x2  
  35  3:54  Probe  
  40  3:58  Warp Prism (Chrono Boost)  
  42  4:05  Probe  
  42  4:06  Probe  
  44  4:16  Pylon  
  45  4:17  Probe  
  45  4:18  Probe (Chrono Boost)  
  46  4:33  Pylon  
  46  4:34  Observer  
  46  4:36  Probe (Chrono Boost)  
  49  4:39  Probe (Chrono Boost)  
  49  4:41  Probe (Chrono Boost)  
  50  4:45  Twilight Council  
  50  4:46  Probe  
  50  4:47  Robotics Bay  
  50  4:50  Probe  
  52  4:52  Shield Battery  
  52  4:58  Immortal (Chrono Boost)  
  56  5:14  Adept x2  
  56  5:15  Gateway  
  56  5:17  Gateway  
  60  5:22  Probe x2  
  60  5:26  Gateway  
  62  5:42  Pylon x2  
  62  5:44  Pylon  
  62  5:47  Resonating Glaives (Chrono Boost)  
  62  5:49  Gateway  
  62  5:53  Gateway  
  62  6:00  Probe, Disruptor (Chrono Boost)  
  62  6:02  Adept  
  62  6:03  Adept  
  70  6:10  Assimilator  
  70  6:11  Adept  
  70  6:12  Probe  
  70  6:15  Assimilator  
  73  6:18  Adept  
  73  6:24  Adept x3  
  81  6:30  Disruptor (Chrono Boost)  
  84  6:35  Pylon x2  
  84  6:47  Adept  
  86  7:02  Adept x6  
  86  7:05  Pylon  
  86  7:07  Pylon  
  84  7:27  Adept x5  
  84  7:28  Adept  
  75  7:47  Adept x5  
  75  7:48  Adept  
  87  7:54  Adept  
  89  7:58  Disruptor (Chrono Boost)  
  88  8:07  Adept x2  
  88  8:08  Adept  
  88  8:11  Adept  
  92  8:23  Adept x3  
  89  8:37  Adept x4  
  95  8:45  Adept  
  95  8:46  Adept  
  97  8:55  Adept  
  97  8:57  Adept x2  
  97  9:00  Sentry  
  97  9:01  Sentry  
  103  9:12  Adept  

Tags
 
Add a new tag
Caveats
  • Supply blocks, unpowered buildings, or Contaminate may cause inaccurate times.
  • Supply counts are checked every 10 seconds.